 Dungeon Crawl Stone Soup version 0.31-a0-819-gf6de2f5ab6 (webtiles) character file.

Game seed: 13936052761770313084

37 demibob the Poker (level 3, -8/29 HPs)
             Began as a Merfolk Chaos Knight on Sept 24, 2023.
             Was a Plaything of Xom.
             Mangled by an orc priest
             ... wielding a +0 flail
              (11 damage)
             ... on level 3 of the Dungeon.
             The game lasted 00:01:09 (807 turns).

demibob the Poker (Merfolk Chaos Knight)             Turns: 807, Time: 00:01:10

Health: -8/29      AC:  6    Str: 12    XL:     3   Next: 39%
Magic:  3/3        EV: 12    Int: 11    God:    Xom [..*...]
Gold:   17         SH:  0    Dex: 15    Spells: 2/2 levels left

rFire   . . .        a - +0 spear (chaos)
rCold   . . .        (no shield)
rNeg    . . .        b - +3 leather armour
rPois   .            (no helmet)
rElec   .            (no cloak)
rCorr   .            (no gloves)
SInv    .            (no boots)
Will    .....        (no amulet)
Stlth   +            (no ring)
HPRegen 0.24/turn    (no ring)
MPRegen 0.08/turn

%: no passive effects
@: invisible
A: (nimble swimmer 2), mertail
a: Renounce Religion


You were on level 3 of the Dungeon.
You worshipped Xom.
You were a toy of Xom.
You visited 1 branch of the dungeon, and saw 3 of its levels.

You collected 17 gold pieces.


Innate Abilities, Weirdness & Mutations

((You are very nimble when in or above water. (Stealth+, EV+, Speed+++)))
Your lower body shifts to a powerful aquatic tail in water.


   Skills:
 - Level 3.2 Fighting
 + Level 5.8 Polearms
 - Level 0.6 Armour
 - Level 2.6 Dodging


You had 2 spell levels left.
You didn't know any spells.
Your spell library was empty.

Inventory:

Hand Weapons
 a - a +0 spear of chaos (weapon)
Armour
 b - a +3 leather armour (worn)
Scrolls
 c - a scroll of butterflies
 d - a scroll of identify {@r1}
 f - a scroll of fog {unknown}
Potions
 g - a potion of degeneration {unknown}
 i - a potion of invisibility {unknown}
 j - a potion of curing {unknown}

Dungeon Overview and Level Annotations

Branches:
Dungeon (3/15)

Altars:

..........###
.............##
..............#.
................
................
.......b.b....$
#.....b...o...
#####b.@o...##
#...b.......?..
#..............
#..........####
#.........##
#.....>....#
#(.......#...
############..
#.


You could see an orc priest (berserk, unable to see you, ally target), an orc
(unable to see you) and a bat.


Message History

You hit the orc priest. You burn the orc priest.
The orc priest is heavily wounded. "Go forth and cause havoc, mortal!"
You fade into invisibility!
The orc priest hits you with a +0 flail.
You hit the orc priest.
The orc priest goes berserk!
Xom thinks this is hilarious!
The orc priest is heavily wounded.
The bat closely misses you.
The orc priest hits you with a +0 flail!
You barely miss the orc priest.
The orc priest is heavily wounded.
The bat closely misses your butterfly.
The orc priest hits you with a +0 flail.
* * * LOW HITPOINT WARNING * * *
Unknown command.
You are too injured to fight recklessly!
Unknown command.
You are too injured to fight recklessly!
You hit the orc priest. You freeze the orc priest.
The orc priest is heavily wounded.
The orc priest hits you with a +0 flail!
* * * LOW HITPOINT WARNING * * *
The bat misses you.
Unknown command.
You hit the orc priest. You freeze the orc priest.
The orc priest is severely wounded.
The bat closely misses you.
The orc priest hits you with a +0 flail!
You die...

Skill      XL: |  1  2 |
---------------+-------+-----
Polearms       | 5 |  5.8
Fighting       | |  3.2
Armour         | |  0.6
Dodging        | |  2.6

Action                     || total
---------------------------++-------
  Melee: Spear             ||    86
         Punch             ||     1
    Use: Scroll            ||     3
         Potion            ||     1
   Stab: Petrifying        ||     1
         Sleeping          ||     1
 Armour: Leather armour    ||    30
  Dodge: Dodged            ||    31

Levels and vault maps discovered:
D:1:      saegor_arrival_simple_e, layout_loops_cross,
          hellmonk_ecumenical_altar_arch_garden
D:2:      layout_basic
D:3:      layout_rooms, patterned_corridor

Notes
Turn   | Place    | Note
-------+----------+-------------------------------------------
     0 | D:1      | demibob the Merfolk Chaos Knight began the quest for the
                  | Orb.
     0 | D:1      | Reached XP level 1. HP: 18/18 MP: 1/1
   115 | D:1      | Reached XP level 2. HP: 24/24 MP: 2/2
   123 | D:1      | Found a faded altar of an unknown god.
   138 | D:1      | Reached skill level 5 in Polearms
   563 | D:1      | Reached XP level 3. HP: 29/29 MP: 3/3
   761 | D:2      | XOM: cast spell 'Leda's Liquefaction'
   792 | D:2      | You fall into a shaft and drop 1 floor!
   800 | D:3      | XOM: butterfly on damage
   803 | D:3      | XOM: potion effect (invisibility)
   807 | D:3      | Mangled by an orc priest

Vanquished Creatures
  An adder (D:2)
  2 dart slugs (D:1)
  2 endoplasms
  2 giant cockroaches (D:1)
  3 goblins (D:1)
  A hobgoblin (D:1)
  3 kobolds
  A quokka (D:1)
  4 ball pythons
  2 bats
  A frilled lizard (D:1)
  2 rats
24 creatures vanquished.

Table legend: (Time is in decaauts)
 A = Elapsed time spent in this place.
 B = Non-inter-level travel time spent in this place.
 C = Inter-level travel time spent in this place.
 D = Time resting spent in this place.
 E = Time spent auto-exploring this place.
 F = Levels seen in this place.
 G = Mean time per level.
                   A        B        C        D        E       F      G
               +--------+--------+--------+--------+--------+-----+--------+
         Total |    796 |    781 |     15 |      2 |    614 |   3 |  265.3 |
       Dungeon |    796 |    781 |     15 |      2 |    614 |   3 |  265.3 |
               +--------+--------+--------+--------+--------+-----+--------+

Top non-repeatable levels by time:
     D:1: 654 daAuts
     D:2: 128 daAuts
     D:3: 13 daAuts

Table legend:
 A = Non-vault XP
 B = Vault XP
 C = Vault XP percentage of total XP
 D = Non-vault monster count
 E = Vault monster count
 F = Vault count percentage of total count
                 A         B        C        D         E       F
            +---------+---------+-------+---------+---------+-------
      Total |      53 |       0 |   0.0 |      24 |       0 |   0.0
            +---------+---------+-------+---------+---------+-------
        D:1 |      34 |       0 |   0.0 |      18 |       0 |   0.0
        D:2 |      18 |       0 |   0.0 |       5 |       0 |   0.0
        D:3 |       1 |       0 |   0.0 |       1 |       0 |   0.0
            +---------+---------+-------+---------+---------+-------
